 Dungeon Crawl Stone Soup version 0.31-a0-859-g9dce7d3444 (webtiles) character file.

Game seed: 5610658757692740375

148 Shayle the Ruffian (level 5, -5/40 HPs)
             Began as a Human Shapeshifter on Oct 9, 2023.
             Slain by a gnoll
             ... wielding a +0 spear
              (10 damage)
             ... on level 3 of the Dungeon.
             The game lasted 00:05:36 (2214 turns).

Shayle the Ruffian (Human Shapeshifter)             Turns: 2214, Time: 00:05:37

Health: -5/40      AC:  2    Str: 15    XL:     5   Next: 56%
Magic:  5/5        EV: 12    Int: 10    God:
Gold:   84         SH:  0    Dex: 14    Spells: 4/4 levels left

rFire   . . .        p - +1 whip (flame)
rCold   . . .        (no shield)
rNeg    . . .        a - +0 animal skin
rPois   .            (helmet currently unavailable)
rElec   .            (cloak currently unavailable)
rCorr   .            (gloves currently unavailable)
SInv    +            (boots currently unavailable)
Will    .....        (no amulet)
Stlth   +            q - ring of see invisible
HPRegen 0.26/turn    (no ring)
MPRegen 0.09/turn

%: no passive effects
@: mighty, beast-form
A: beast (slay +2)
a: Begin Untransformation


You were on level 3 of the Dungeon.
You were a hulking beast.
You visited 1 branch of the dungeon, and saw 4 of its levels.

You collected 110 gold pieces.
You spent 26 gold pieces at shops.

Inventory:

Hand Weapons
 p - a +1 whip of flaming (weapon)
Armour
 a - a +0 animal skin (worn)
 n - a +0 pair of boots
 x - a +0 cloak
Jewellery
 q - a ring of see invisible (left hand)
Talismans
 c - a beast talisman (active)
 d - a flux talisman
Wands
 z - a wand of light (8)
Scrolls
 e - a scroll of fog {unknown}
 f - a scroll of summoning {unknown}
 k - a scroll of teleportation {unknown}
 t - 2 scrolls of enchant weapon {unknown}
 u - 2 scrolls of fear {unknown}
 w - 3 scrolls of identify
 y - a scroll of vulnerability {unknown}
Potions
 b - a potion of lignification
 g - 2 potions of mutation {unknown}
 h - a potion of haste {unknown}
 i - a potion of enlightenment {unknown}
 j - a potion of berserk rage {unknown}
 l - 2 potions of attraction
 m - 2 potions of degeneration
 o - 3 potions of curing
 r - 2 potions of might
 s - a potion of brilliance {unknown}
 v - a potion of cancellation {unknown}


   Skills:
 + Level 2.9 Fighting
 - Level 2.0 Dodging
 + Level 4.1 Unarmed Combat
 + Level 3.9 Shapeshifting


You had 4 spell levels left.
You didn't know any spells.
Your spell library was empty.

Dungeon Overview and Level Annotations

Branches:
Dungeon (4/15)
 Temple: D:4-7

Altars:

Shops:
D:1 (   D:2 *


Message History

z - a wand of light (8)
The ball python hisses angrily.
The ball python barely misses you. The ball python grabs you.
The ball python constricts you.
You whack the ball python! You burn the ball python.
You kill the ball python!
A rat comes into view.
The rat completely misses you.
You barely miss the rat. The rat bites you.
The rat bites you but does no damage.
You whack the rat! You burn the rat.
You kill the rat!
The gnoll shouts!
The gnoll shouts!
The gnoll shouts!
The gnoll misses you. The gnoll hits you with a +0 spear.
You barely miss the gnoll. You hit the gnoll. You burn the gnoll.
The gnoll is heavily wounded.
The gnoll hits you from afar with a +0 spear!
You hit the gnoll. You burn the gnoll.
You kill the gnoll!
The gnoll hits you from afar with a +0 spear!
You closely miss the gnoll. The gnoll hits you with a +0 scimitar.
The gnoll misses you.
You hit the gnoll. You burn the gnoll.
The gnoll is moderately wounded.
The gnoll hits you with a +0 scimitar!
* * * LOW HITPOINT WARNING * * *
The gnoll hits you from afar with a +0 spear.
* * * LOW HITPOINT WARNING * * *
It was a potion of curing.
You feel better. The gnoll barely misses you.
The gnoll hits you from afar with a +0 spear.
* * * LOW HITPOINT WARNING * * *
It was a potion of might.
You feel very mighty all of a sudden. The gnoll closely misses you.
The gnoll hits you from afar with a +0 spear!
You die...

##.♣♣♣..........# #...$... ♣
#♣♣.♣♣......(..#####g...... ♣♣##
#♣..P♣...)..........g######
P♣.###.♣..♣♣.........#####.......
.......♣P.P♣ ..... #.......
P♣#..##♣♣.♣♣ .... ..####...S...
###.## ♣.♣ .g# ........<....
....# #.# #g# ##.###........
##### #.######h###..♣.♣........
#########...........♣.....♣######
............####.##........#
############# #.##♣..♣.♣..♣#
#...........(# ####♣..♣.♣..♣#
#........># #.♣.....♣.#
####♣#♣####


You could see 2 gnolls.

Vanquished Creatures
  A scorpion (D:4)
  A gnoll (D:3)
  3 adders
  3 worms
  3 orcs
  5 endoplasms
  A giant cockroach (D:1)
  4 goblins
  6 hobgoblins
  2 quokkas (D:2)
  5 ball pythons
  3 bats
  A frilled lizard (D:2)
  4 kobolds
  2 rats
44 creatures vanquished.

Notes
Turn   | Place    | Note
-------+----------+-------------------------------------------
     0 | D:1      | Shayle the Human Shapeshifter began the quest for the Orb.
     0 | D:1      | Reached XP level 1. HP: 15/15 MP: 1/1
   297 | D:1      | Found Hauduq's Weapon Shop.
   692 | D:1      | Reached XP level 2. HP: 12/21 MP: 2/2
   932 | D:2      | Found Eghir's General Store.
   940 | D:2      | Bought a scroll of identify for 26 gold pieces
   981 | D:2      | Reached XP level 3. HP: 14/27 MP: 3/3
  1154 | D:2      | You fall into a shaft and drop 2 floors!
  1200 | D:2      | Reached XP level 4. HP: 33/33 MP: 4/4
  1927 | D:4      | Noticed a scorpion
  1938 | D:4      | Killed a scorpion
  1939 | D:4      | Reached skill level 4 in Unarmed Combat
  1939 | D:4      | Reached XP level 5. HP: 36/40 MP: 5/5
  2212 | D:3      | HP: 2/40 [gnoll/+0 spear (5)]
  2214 | D:3      | Slain by a gnoll

Illustrated notes

Levels and vault maps discovered:
D:1:      dpeg_arrival_yet_another_circle, layout_basic, serial_shops, shop
D:2:      layout_rooms, serial_shops, nicolae_shop_just_a_little_nook
D:3:      layout_rooms, serial_forest, infiniplex_forest_lined_2,
          infiniplex_forest_lined_3, infiniplex_forest_corner_2,
          infiniplex_forest_corner_2, infiniplex_forest_corner_1,
          infiniplex_forest_end_1, infiniplex_forest_corner_2,
          infiniplex_forest_lined_ring
D:4:      layout_basic, nzn_wu_jian_contemplation, uniq_blork_the_orc

Skill      XL: |  1  2  3  4 |
---------------+-------------+-----
Fighting       | 2 |  2.9
Unarmed Combat | 4 |  4.1
Dodging        | |  2.0
Shapeshifting  | |  3.9

Action                     |  1- 3 |  4- 6 || total
---------------------------+-------+-------++-------
  Melee: Unarmed           |    14 |       ||    14
         Whip              |    51 |    51 ||   102
         Punch             |     2 |     1 ||     3
    Use: Scroll            |     2 |       ||     2
         Potion            |       |     2 ||     2
   Stab: Sleeping          |       |     2 ||     2
 Armour: Animal skin       |    28 |    34 ||    62
  Dodge: Dodged            |    36 |    27 ||    63

Table legend: (Time is in decaauts)
 A = Elapsed time spent in this place.
 B = Non-inter-level travel time spent in this place.
 C = Inter-level travel time spent in this place.
 D = Time resting spent in this place.
 E = Time spent auto-exploring this place.
 F = Levels seen in this place.
 G = Mean time per level.
                   A        B        C        D        E       F      G
               +--------+--------+--------+--------+--------+-----+--------+
         Total |   2224 |   2149 |     75 |    249 |   1280 |   4 |  556.0 |
       Dungeon |   2224 |   2149 |     75 |    249 |   1280 |   4 |  556.0 |
               +--------+--------+--------+--------+--------+-----+--------+

Top non-repeatable levels by time:
     D:1: 767 daAuts
     D:2: 649 daAuts
     D:3: 537 daAuts
     D:4: 269 daAuts
